 Dungeon Crawl Stone Soup version 0.27-a0-1590-g15f69828bf (webtiles) character file.

Game seed: 13520450982692108066

256 Gwenloh the Conjurer (level 5, -3/38 HPs)
             Began as a Draconian Conjurer on July 19, 2021.
             Slain by a black bear (5 damage)
             ... on level 4 of the Dungeon.
             The game lasted 00:12:37 (4244 turns).

Gwenloh the Conjurer (Draconian Conjurer)           Turns: 4244, Time: 00:12:37

Health: -3/38      AC:  5    Str: 10    XL:     5   Next: 92%
Magic:  0/10       EV: 12    Int: 19    God:
Gold:   118        SH:  0    Dex:  9    Spells: 0/10 levels left

rFire    . . .     SeeInvis .   i - +0 dagger (holy)
rCold    . . .     Faith    .   (no shield)
rNeg     . . .     Spirit   .   (armour unavailable)
rPois    +         Reflect  .   (helmet restricted)
rElec    .         Harm     .   (no cloak)
rCorr    .         Rampage  .   (no gloves)
Will     .....                  (no boots)
Stlth    ++........             (no amulet)
HPRegen  0.12/turn              h - ring of poison resistance
MPRegen  0.12/turn              (no ring)

@: no status effects
A: AC +5, unfitting armour, cold-blooded
a: no special abilities


You were on level 4 of the Dungeon.
You visited 1 branch of the dungeon, and saw 4 of its levels.

You collected 118 gold pieces.

Inventory:

Hand Weapons
 i - a +0 dagger of holy wrath (weapon)
Jewellery
 h - a ring of poison resistance (left hand)
Scrolls
 b - a scroll of enchant armour {unknown}
 d - a scroll of teleportation {unknown}
 g - a scroll of fear {unknown}
 j - a scroll of torment {unknown}
 k - a scroll of magic mapping {unknown}
 l - a scroll of enchant weapon {unknown}
 m - 2 scrolls of fog {unknown}
Potions
 a - a potion of curing {unknown}
 c - a potion of haste {unknown}
 e - 2 potions of attraction {unknown}
 f - a potion of degeneration {unknown}
 n - a potion of berserk rage {unknown}


   Skills:
 - Level 1.7 Dodging
 - Level 1.7 Stealth
 + Level 3.4 Spellcasting
 * Level 6.0 Conjurations
 + Level 1.9 Hexes


You couldn't memorise any spells.
You knew the following spells:

 Your Spells              Type           Power      Damage    Failure   Level
a - Magic Dart            Conj           100%       1d8       1%          1
b - Searing Ray           Conj           52%        3d5       1%          2
c - Dazzling Flash        Conj/Hex       36%        N/A       9%          3
d - Fulminant Prism       Conj/Hex       9%         3d7       28%         4

Your spell library contained the following spells:

 Spells                   Type           Power      Damage    Failure   Level
 Iskenderun's Mystic Bla  Conj/Tloc      14%        2d5       38%         4


Dungeon Overview and Level Annotations

Branches:
Dungeon (4/15)
 Temple: D:4-7

Altars:

Shops:
D:2 *


Innate Abilities, Weirdness & Mutations

Your plain brown scales are hard. (AC +5)
You cannot fit into any form of body armour.
You are cold-blooded and may be slowed by cold attacks.


Message History

(Press . to maintain the ray.)
The searing ray misses the black bear.
The searing ray hits the black bear.
The black bear is heavily wounded.
The black bear bites you but does no damage.
The black bear barely misses you.
The black bear claws you but does no damage.
The searing ray hits the black bear!
The black bear is almost dead.
You finish channeling your searing ray.
The black bear goes berserk!
Casting: Searing Ray (safe; 1% risk of failure)
Confirm with . or Enter, or press ? or * to list all spells.
The black bear bites you but does no damage.
The black bear claws you. x2; The black bear barely misses you.
The black bear claws you. x2
The black bear closely misses you. The black bear claws you.
The black bear closely misses you. The black bear barely misses you.
The black bear closely misses you. The black bear barely misses you.
Casting: Dazzling Flash (dangerous; 9% risk of failure)
Confirm with . or Enter, or press ? or * to list all spells.
You don't have enough magic to cast this spell.
Aiming: Magic Dart (safe; 1% risk of failure)
Press: ? - help, Q - select action, (/) - cycle Shift-Dir - straight line, f/p - black bear
Aim: a black bear (almost dead, berserk, 100% to hit)
Okay, then.
The black bear bites you! The black bear claws you.
* * * LOW HITPOINT WARNING * * *
The black bear misses you.
Casting: Magic Dart (safe; 1% risk of failure)
Confirm with . or Enter, or press ? or * to list all spells.
Aiming: Magic Dart (safe; 1% risk of failure)
Press: ? - help, Shift-Dir - straight line, f/p - black bear
Aim: a black bear (almost dead, berserk, 100% to hit)
The magic dart hits the black bear.
The black bear is almost dead.
The black bear bites you!
* * * LOW HITPOINT WARNING * * *
The black bear claws you.
You die...

############
#...h@.....#
#.########.# #.#
#.# #.# #.# ...
####.#### ...
#.......# ....
#.......# ##.##
#.......#
#######.#######.


You could see a black bear (berserk).

Vanquished Creatures
  An ice beast (D:3)
  An orc priest (D:3)
  Robin (D:3)
  An adder (D:3)
  4 worms
  3 dart slugs
  6 orcs (D:3)
  4 endoplasms
  3 giant cockroaches
  12 goblins
  9 hobgoblins
  9 jackals (D:1)
  3 quokkas
  13 ball pythons
  8 bats
  6 kobolds
  4 rats
88 creatures vanquished.

Notes
Turn   | Place    | Note
-------+----------+-------------------------------------------
     0 | D:1      | Gwenloh the Draconian Conjurer began the quest for the Orb.
     0 | D:1      | Reached XP level 1. HP: 14/14 MP: 3/3
   386 | D:1      | Reached XP level 2. HP: 20/20 MP: 0/5
   389 | D:1      | Learned a level 2 spell: Searing Ray
   927 | D:1      | Reached XP level 3. HP: 26/26 MP: 0/6
  1475 | D:2      | Learned a level 3 spell: Dazzling Flash
  1920 | D:2      | Reached skill level 5 in Conjurations
  2015 | D:2      | Found Ganne's Assorted Antiques.
  2523 | D:3      | Reached XP level 4. HP: 31/33 MP: 5/8
  2553 | D:3      | Noticed Robin
  2599 | D:3      | Killed Robin
  2749 | D:3      | Noticed an ice beast
  2839 | D:3      | Reached skill level 1 in Hexes
  3076 | D:3      | Reached XP level 5. HP: 38/38 MP: 1/9
  3151 | D:3      | Learned a level 4 spell: Fulminant Prism
  3817 | D:3      | Found a faded altar of an unknown god.
  3876 | D:3      | Killed an ice beast
  3877 | D:3      | Reached skill level 6 in Conjurations
  4232 | D:4      | Noticed a black bear
  4244 | D:4      | Slain by a black bear

Illustrated notes

Levels and vault maps discovered:
D:1:      heliophobic_arrival_enchanted_forest, layout_loops_ring,
          minmay_hedge_maze, hangedman_abyss_or_decor_lesser_grid
D:2:      layout_loops_ring, serial_shops, shop
D:3:      layout_basic, dilly_ecumenical_altar_fadedgnrine,
          guppyfry_early_lair_pool, uniq_robin
D:4:      layout_basic, chequers_temple_overflow_statue_of_worship,
          minmay_temple_entry_antechambers

Skill      XL: |  1  2  3  4  5 |
---------------+----------------+-----
Conjurations   | 5 6 |  6.0
Hexes          | 1 |  1.9
Spellcasting   | 3 |  3.4
Dodging        | |  1.7
Stealth        | |  1.7

Action                   |  1- 3 |  4- 6 || total
-------------------------+-------+-------++-------
Melee: Unarmed           |    22 |       ||    22
       Tailslap          |     2 |     5 ||     7
       Dagger            |     7 |    20 ||    27
 Cast: Magic Dart        |    83 |    46 ||   129
       Searing Ray       |     8 |     9 ||    17
       Dazzling Flash    |       |     1 ||     1
Armor: Skin              |    11 |    15 ||    26
Dodge: Dodged            |    23 |    31 ||    54

Table legend: (Time is in decaauts)
 A = Elapsed time spent in this place.
 B = Non-inter-level travel time spent in this place.
 C = Inter-level travel time spent in this place.
 D = Time resting spent in this place.
 E = Time spent auto-exploring this place.
 F = Levels seen in this place.
 G = Mean time per level.
                   A        B        C        D        E       F      G
               +--------+--------+--------+--------+--------+-----+--------+
         Total |   4246 |   4127 |    119 |    698 |   2849 |   4 | 1061.5 |
       Dungeon |   4246 |   4127 |    119 |    698 |   2849 |   4 | 1061.5 |
               +--------+--------+--------+--------+--------+-----+--------+

Top non-repeatable levels by time:
     D:1: 1462 daAuts
     D:3: 1449 daAuts
     D:2: 1235 daAuts
     D:4: 99 daAuts
